AoeStats
← 杰KaMi摸鱼号

QS Arena

503234061Analyzed
1v1 RM · 1mo ago on Aug 30, 2026· 36m 7s· 2 players
Game mode
Random Map
Map size
Tiny (2 player)
Population
200
Speed
Normal
Resources
Standard
Victory
Conquest
Starting age
Dark Age
Ending age
Imperial Age
RankedLock teamsTeams togetherTeam positionsShared explorationLock speedFull tech treeHidden civsTurbo modeCheats
Victory
Defeat
🇨🇳 Spanish · China
1042
+45
🇳🇱 Japanese · Netherlands
1056
-17
杰KaMi摸鱼号
8:21 Feudal Age
12:16 Castle Age
10:48 Double-Bit Axe
18:35 Wheelbarrow
20:02 Bow Saw
21:24 Horse Collar
21:36 Gold Mining
21:54 Loom
23:47 Heavy Plow
25:07 Town Watch
25:40 Padded Archer Armor
25:59 Devotion
26:38 Hand Cart
27:37 Leather Archer Armor
31:51 Imperial Age
29:29 Stone Mining
30:19 Bloodlines
30:09 Husbandry
31:20 Stone Shaft Mining
31:27 Fletching
32:04 Bodkin Arrow
31:59 Elite Conquistador
32:59 Conscription
33:44 Chemistry
33:19 Ring Archer Armor
32:56 Bracer
Muppet
8:52 Feudal Age
14:11 Castle Age
12:35 Loom
13:06 Double-Bit Axe
13:03 Horse Collar
13:25 Town Watch
15:32 Bow Saw
15:23 Heavy Plow
15:31 Gold Mining
16:01 Scale Mail Armor
17:07 Gold Shaft Mining
20:47 Squires
20:32 Arson
23:14 Atonement
24:29 Wheelbarrow
27:21 Yasama
28:11 Chain Mail Armor
30:35 Imperial Age
28:58 Arson
29:16 Stone Mining
29:54 Fletching
30:36 Forging
31:40 Conscription
32:47 Plate Mail Armor
33:31 Bodkin Arrow
35:49 Iron Casting
Connection lost

Rejoining the realm…

Still unreachable

The connection could not be restored.

Session expired

The server has moved on; the page needs a fresh start.